 Dungeon Crawl Stone Soup version 0.27.1 (webtiles) character file.

Game seed: 438089769442186488

77 MajorAdolf the Conjurer (level 4, 0/39 HPs)
             Began as a Naga Wanderer on Aug 24, 2021.
             Slain by Crazy Yiuf (12 damage)
             ... on level 2 of the Dungeon.
             The game lasted 00:05:03 (2584 turns).

MajorAdolf the Conjurer (Naga Wanderer)             Turns: 2584, Time: 00:05:04

Health: 0/39       AC:  2    Str: 14    XL:     4   Next: 33%
Magic:  0/7        EV:  9    Int: 15    God:
Gold:   67         SH:  0    Dex:  9    Spells: 6/7 levels left

rFire    . . .     SeeInvis +   i - +0 dagger (venom)
rCold    . . .     Faith    .   (no shield)
rNeg     . . .     Spirit   .   b - +0 robe
rPois    +         Reflect  .   (no helmet)
rElec    .         Harm     .   (no cloak)
rCorr    .         Rampage  .   (no gloves)
Will     .....                  (no barding)
Stlth    +.........             (no amulet)
HPRegen  0.13/turn              (no ring)
MPRegen  0.10/turn              h - +4 ring of slaying

@: short of breath, very slow
A: AC +1, large, see invisible, deformed body, poison resistance, slowness 2,
spit poison 1, naga tail 1
a: Spit Poison


You were on level 2 of the Dungeon.
You visited 1 branch of the dungeon, and saw 2 of its levels.

You collected 67 gold pieces.

Inventory:

Hand Weapons
 a - a +0 club
 e - a +1 whip of pain
 i - a +0 dagger of venom (weapon)
Armour
 b - a +0 robe (worn)
Jewellery
 g - a ring of ice
 h - a +4 ring of slaying (right hand)
Wands
 m - a wand of digging (6)
Scrolls
 d - 2 scrolls of identify {unknown}
 j - 3 scrolls of acquirement {unknown}
 l - a scroll of noise {unknown}
Potions
 f - a potion of flight {unknown}
 k - a potion of haste {unknown}


   Skills:
 - Level 2.0 Fighting
 - Level 1.0 Throwing
 - Level 1.0 Dodging
 - Level 2.0 Spellcasting
 + Level 2.5 Conjurations
 - Level 2.0 Summonings
 + Level 2.5 Fire Magic
 - Level 1.0 Air Magic
 - Level 1.0 Evocations


You had 6 spell levels left.
You knew the following spells:

 Your Spells              Type           Power      Damage    Failure   Level
a - Foxfire               Conj/Fire      36%        2x1d5     8%          1

Your spell library contained the following spells:

 Spells                   Type           Power      Damage    Failure   Level
 Shock                    Conj/Air       24%        1d4       11%         1
 Static Discharge         Conj/Air       6%         N/A       16%         2
 Conjure Flame            Conj/Fire      9%         6-21      24%         3
 Sublimation of Blood     Necr           0%         N/A       32%         2
 Wereblood                Tmut           1%         N/A       32%         2
 Swiftness                Air            4%         N/A       41%         3
 Airstrike                Air            2%         N/A       82%         4
 Summon Hydra             Summ           3%         N/A       100%        7


Dungeon Overview and Level Annotations

Branches:
Dungeon (2/15)

Altars:
Vehumet

Annotations:
D:2 Crazy Yiuf


Innate Abilities, Weirdness & Mutations

Your serpentine skin is tough. (AC +1)
You have supernaturally acute eyesight. (SInv)
Armour fits poorly on your strangely shaped body.
Your system is resistant to poisons. (rPois)
You cover ground very slowly.
You can spit poison.
You have a snake-like lower body.


Message History

You hit the fungus.
The fungus begins to die.
The fungus is lightly damaged.
Crazy Yiuf hits you with a +4 quarterstaff of chaos!
You resist with some effort.
A nearby fungus withers and dies.
Crazy Yiuf closely misses you.
You conjure some foxfire!
Crazy Yiuf hits you with a +4 quarterstaff of chaos!
You feel your power leaking away.
You are too injured to fight recklessly!
Unknown command.
The foxfire hits Crazy Yiuf.
Crazy Yiuf is moderately wounded.
The foxfire hits Crazy Yiuf.
Crazy Yiuf is heavily wounded.
Unknown command.
Press: ? - help, Shift-Dir - straight line, f - Crazy Yiuf
Aim: Crazy Yiuf, wielding a +4 quarterstaff of chaos and wearing a +0 cloak (heavily wounded)
Okay, then.
Okay, then.
You feel better.
Crazy Yiuf hits you with a +4 quarterstaff of chaos!
Crazy Yiuf burns you.
* * * LOW HITPOINT WARNING * * *
Unknown command.
Casting: Foxfire (safe; 8% risk of failure)
Confirm with . or Enter, or press ? or * to list all spells.
You conjure some foxfire!
Crazy Yiuf barely misses you.
Unknown command.
The foxfire hits Crazy Yiuf but does no damage.
Crazy Yiuf is heavily wounded.
The foxfire hits Crazy Yiuf.
Crazy Yiuf is heavily wounded.
Unknown command.
Press: ? - help, Shift-Dir - straight line, f - Crazy Yiuf
Aim: Crazy Yiuf, wielding a +4 quarterstaff of chaos and wearing a +0 cloak (heavily wounded)
The splash of poison hits Crazy Yiuf but does no damage.
Crazy Yiuf is poisoned.
Crazy Yiuf is heavily wounded.
Crazy Yiuf hits you with a +4 quarterstaff of chaos!
You die...

....#..########
......## ####### #
###### .....###
####...# ##### ##
###.########...##
.#
#.....##.....@.§##
.#
#.....##.####g...#
.###.....##.#
#....#
..##.....##)#
♣PP..♣
#######.....#
♣♣♣P.♣
###)........# ♣.♣♣
....<.......# ♣♣.♣
..........### ♣.♣♣
..........# ♣♣.♣


You could see Crazy Yiuf (poisoned).

Vanquished Creatures
  Robin (D:2)
  An adder (D:2)
  A worm (D:2)
  5 ball pythons
  5 endoplasms
  10 goblins
  10 hobgoblins
  2 quokkas (D:1)
  5 bats
  A frilled lizard (D:1)
  A kobold (D:1)
  5 rats
47 creatures vanquished.

Vanquished Creatures (others)
  132 foxfires
  2 fungi (D:2)
134 creatures vanquished.

Grand Total: 181 creatures vanquished

Notes
Turn   | Place    | Note
-------+----------+-------------------------------------------
     0 | D:1      | MajorAdolf the Naga Wanderer began the quest for the Orb.
     0 | D:1      | MajorAdolf set off with the following items: a +0 club, a
                  | +0 robe, a potion of curing; and the following spells
                  | available to memorise: Shock, Foxfire, Static Discharge,
                  | Swiftness, Conjure Flame, Airstrike
     0 | D:1      | Reached XP level 1. HP: 19/19 MP: 3/3
    13 | D:1      | Learned a level 1 spell: Foxfire
   338 | D:1      | Reached skill level 1 in Conjurations
   338 | D:1      | Reached skill level 1 in Fire Magic
   338 | D:1      | Reached XP level 2. HP: 25/26 MP: 1/5
   936 | D:1      | Reached XP level 3. HP: 19/32 MP: 1/6
  1918 | D:2      | Noticed Robin
  2050 | D:2      | Reached XP level 4. HP: 30/39 MP: 7/7
  2054 | D:2      | Killed Robin
  2262 | D:2      | Found a radiant altar of Vehumet.
  2566 | D:2      | Found a runed translucent door.
  2567 | D:2      | Noticed Crazy Yiuf
  2584 | D:2      | Slain by Crazy Yiuf

Illustrated notes

Levels and vault maps discovered:
D:1:      dpeg_arrival_ternary, layout_basic
D:2:      layout_rooms, basic_altar, roderic_filled_cross, uniq_robin,
          uniq_crazy_yiuf_cottage

Skill      XL: |  1  2  3 |
---------------+----------+-----
Conjurations   | 1 2 |  2.5
Fire Magic     | 1 2 |  2.5
Fighting       | |  2.0
Throwing       | |  1.0
Dodging        | |  1.0
Spellcasting   | |  2.0
Summonings     | |  2.0
Air Magic      | |  1.0
Evocations     | |  1.0

Action                   |  1- 3 |  4- 6 || total
-------------------------+-------+-------++-------
Melee: Whip              |     3 |       ||     3
       Club              |     1 |       ||     1
       Dagger            |     8 |     5 ||    13
 Cast: Foxfire           |    56 |    20 ||    76
 Abil: Spit Poison       |     5 |     2 ||     7
  Use: Potion            |       |     1 ||     1
Armor: Robe              |     5 |     1 ||     6
Dodge: Dodged            |    24 |     4 ||    28
